 Dungeon Crawl Stone Soup version 0.18-a0-76-g3fe7f8b (webtiles) character file.

39 Proton the Covered (level 3, 0/33 HPs)
             Began as a Deep Dwarf Fighter on Nov 12, 2015.
             Slain by Terence
             ... wielding a +0 hand axe
              (6 damage)
             ... on level 2 of the Dungeon.
             The game lasted 00:02:16 (681 turns).

Proton the Covered (Deep Dwarf Fighter)              Turns: 681, Time: 00:02:16

Health: 0/33       AC:  7    Str: 20    XL:     3   Next: 26%
Magic:  3/3        EV: 10    Int:  8    God:
Gold:   59         SH:  0    Dex: 12    Spells: 0 memorised, 2 levels left

rFire  . . .     SeeInvis .     a - +0 war axe
rCold  . . .     Clarity  .     b - +0 scale mail
rNeg   . . .     SustAt   .     (no shield)
rPois  .         Gourm    .     (no helmet)
rElec  .         Spirit   .     (no cloak)
rCorr  .         Warding  .     (no gloves)
rMut   +         Stasis   .     (no boots)
MR     .....                    i - amulet of resist mutation
Stlth  ..........               (no ring)
                                (no ring)

@: non-regenerating, not resistant to hostile enchantments, extremely unstealthy
A: damage resistance, recharge devices, sense surroundings 1, slow regeneration
3
a: Device Recharging


You were on level 2 of the Dungeon.
You were not hungry.

You visited 1 branch of the dungeon, and saw 2 of its levels.

You collected 59 gold pieces.

Inventory:

Hand Weapons
 a - a +0 war axe (weapon)
Armour
 b - a +0 scale mail (worn)
Jewellery
 i - an amulet of resist mutation (around neck)
 r - an uncursed ring of poison resistance {unknown}
Wands
 e - a wand of heal wounds (4)
Scrolls
 g - 3 scrolls of identify {unknown}
 h - a scroll of remove curse {unknown}
 j - a scroll of teleportation {unknown}
 l - a scroll of recharging {unknown}
 n - a scroll of fog {unknown}
 q - a scroll of enchant weapon {unknown}
Potions
 d - a potion of might
 k - 2 potions of agility {unknown}
 o - 2 potions of haste {unknown}
 p - a potion of curing {unknown}
 s - 2 potions of flight {unknown}
Comestibles
 c - a royal jelly
 f - a bread ration
 m - a beef jerky


   Skills:
 + Level 2.9 Fighting
 * Level 3.1 Axes
 + Level 3.7 Armour
 + Level 1.0 Dodging
   Level 3.2 Shields


You had 2 spell levels left.
You didn't know any spells.

Dungeon Overview and Level Annotations

Branches:
Dungeon (2/15)

Altars:

Annotations:
D:2 Terence


Innate Abilities, Weirdness & Mutations

You are resistant to damage.
You can recharge devices by infusing magical energy.
You passively map a small area around you.
You do not regenerate naturally.


Message History

You are too injured to fight recklessly!
You are too injured to fight recklessly!
You are too injured to fight recklessly!
You are too injured to fight recklessly!
You are too injured to fight recklessly!
You are too injured to fight recklessly!
You are too injured to fight recklessly!
You are too injured to fight recklessly!
You are too injured to fight recklessly!
You are too injured to fight recklessly!
You are too injured to fight recklessly!
You are too injured to fight recklessly!
You are too injured to fight recklessly!
You are too injured to fight recklessly!
Terence hits you with a hand axe.
You hit Terence but do no damage. You slash Terence!
Terence is heavily wounded.
Terence hits you with a hand axe!
You die...

, #. ≈ ≈ * #
#..###### .# ,
#..>...<###.##.
* ,
#..............
..##.#.........
, # #...##.###
* #...# # #...#
* , * #@..#
.......@.....#
......##..#.##
* , *#####.
#....# , * #
...#.# , ,, ,
#..##.# , #..#
#.., * , ,,..#
## *


You could see Terence.

Vanquished Creatures
  A gnoll (D:1)
  A giant gecko (D:1)
  7 bats (D:1)
  3 goblins (D:1)
  2 hobgoblins (D:1)
  4 jackals (D:1)
  3 kobolds (D:1)
  4 giant newts (D:1)
25 creatures vanquished.

Notes
Turn   | Place    | Note
--------------------------------------------------------------
     0 | D:1      | Proton the Deep Dwarf Fighter began the quest for the Orb.
     0 | D:1      | Reached XP level 1. HP: 20/20 MP: 1/1
   325 | D:1      | Reached XP level 2. HP: 5/27 MP: 2/2
   329 | D:1      | HP: 1/27 [gnoll/halberd (4)]
   465 | D:1      | Reached XP level 3. HP: 29/33 MP: 3/3
   619 | D:1      | Reached skill level 1 in Dodging
   673 | D:2      | Noticed Terence
   681 | D:2      | Slain by Terence

Vault maps used:
D:1:      dpeg_arrival_chambers_temple_mockup
D:2:      nicolae_gozag_cash_rules_everything_around_me, serial_forest,
          infiniplex_forest_lined_corner, infiniplex_forest_clump_C,
          infiniplex_forest_clump_small, infiniplex_forest_lined_room_,
          infiniplex_forest_straight_3, infiniplex_forest_end_3,
          infiniplex_forest_lined_room_3, corner_web_ring, led_sif_pool,
          uniq_terence

Action                   || total
-------------------------++-------
Melee: War axe           ||    76
Evoke: Wand              ||     1
